 Dungeon Crawl Stone Soup version 0.20.1-1-g8b1a95d (webtiles) character file.

0 equalderp2856 the Sneak (level 1, 0/15 (16) HPs)
             Began as a Formicid Assassin on July 24, 2017.
             Killed by divine providence
             ... invoked by an orc priest
              (12 damage)
             ... on level 11 of the Dungeon.
             The game lasted 00:04:12 (945 turns).

equalderp2856 the Sneak (Formicid Assassin)          Turns: 945, Time: 00:04:13

HP:   0/15 (16)     AC:  4    Str: 15    XL:     1   Next: 0%
MP:   1/1           EV: 11    Int: 10    God:
Gold: 47            SH:  0    Dex: 12    Spells: 0/0 levels left

rFire    . . .     SeeInvis +   (no weapon)
rCold    . . .     Gourm    .   (no shield)
rNeg     . . .     Faith    .   c - +0 robe
rPois    .         Spirit   .   (helmet unavailable)
rElec    .         Reflect  .   d - +0 cloak
rCorr    .         Harm     .   (no gloves)
MR       .....                  j - +0 pair of boots
Stlth    +++.......             (no amulet)
Regen    0.1/turn               (no ring)
MPRegen  0.1/turn               (no ring)

@: no status effects
A: permanent stasis, dig shafts and tunnels, four strong arms, antennae 3
a: Dig, Shaft Self


You were on level 11 of the Dungeon.
You were not hungry.

You visited 1 branch of the dungeon, and saw 9 of its levels.

You collected 47 gold pieces.

Inventory:

Missiles
 b - 11 poisoned needles
Armour
 c - a +0 robe (worn)
 d - a +0 cloak (worn)
 e - the +1 leather armour of Nusch {Str+2, unknown}
   (You found it on level 4 of the Dungeon)

   It affects your strength (+2).
 f - a cursed +0 robe
 j - a +0 pair of boots (worn)
 k - a +0 plate armour
Jewellery
 g - an uncursed amulet of regeneration {unknown}
Scrolls
 l - a scroll of blinking {unknown}
Potions
 a - a potion of agility {unknown}
 h - a potion of mutation
Books
 i - a book of Transfigurations

   Spells                             Type                      Level
   a - Irradiate                      Conjuration/Transmutation    5
   b - Statue Form                    Transmutation/Earth          6
   c - Hydra Form                     Transmutation                6
   d - Dragon Form                    Transmutation                7


   Skills:
 + Level 2.1 Fighting
   Level 2.0 Short Blades
 + Level 2.0 Throwing
 + Level 0.8 Dodging
 + Level 4.8 Stealth


You couldn't memorise any spells.
You didn't know any spells.

Dungeon Overview and Level Annotations

Branches:
Dungeon (9/15)
 Temple: D:4-7         Lair: D:8-11         Orc: D:9-12

Altars:

Annotations:
D:3 equalderp2856's ghost, weakling FoAs


Innate Abilities, Weirdness & Mutations

You cannot be hasted, slowed, berserked, paralysed or teleported.
You can dig through walls and to a lower floor.
Your four strong arms can wield two-handed weapons with a shield.
You have a pair of large antennae on your head. (SInv)


Message History

An orc priest comes into view. It is wielding a mace.
The orc priest shouts!
A leopard gecko comes into view.
The orc wizard gestures at you while chanting.
You resist with significant effort.
The orc wizard mumbles some strange words.
The orc wizard flickers and vanishes for a moment.
Found a square cameo amulet.
Found a ring mail.
Found a stone staircase leading up.
An orc comes into view. It is wielding a hand axe.
The orc priest miscasts a cantrip.
You see here a square cameo amulet.
g - a square cameo amulet The orc shouts!
The necrophage hits you.
You feel your flesh rotting away! The orc hits you with a hand axe.
The orc priest invokes the aid of Beogh against you.
Beogh smites you!
Ouch! That really hurt!
You die...

...............
#....................
#........)..####.....
##............# #.....
#.............####...#
..............##..###
#.........#...#.##
#.......# #....####
#<@.n...###........
##.o....o.o....##...
#.[...........## #..
#.#...........# ..
#.###....#.....# . #.#
#....##.....# #.#
##...##......# .#
#.....#.......
#.###..........


You could see a necrophage, an orc priest, an orc wizard (invisible) and an orc.

Vanquished Creatures (others)
  A fungus (D:9)
1 creature vanquished.

Notes
Turn   | Place    | Note
-------+----------+-------------------------------------------
     0 | D:1      | equalderp2856 the Formicid Assassin began the quest for the Orb.
     0 | D:1      | Reached XP level 1. HP: 16/16 MP: 1/1
    59 | D:1      | You fall through a shaft!
   116 | D:2      | You fall through a shaft for 2 floors!
   192 | D:4      | Got a distressingly furry leather armour
   289 | D:3      | Noticed equalderp2856's ghost (weakling FoAs)
   303 | D:3      | You fall through a shaft for 3 floors!
   303 | D:6      | Noticed an orc warrior
   303 | D:6      | Noticed an orc wizard
   303 | D:6      | Noticed a worker ant
   310 | D:6      | You fall through a shaft for 3 floors!
   451 | D:8      | Noticed a crocodile
   471 | D:8      | Noticed a crimson imp
   548 | D:7      | Noticed a killer bee
   549 | D:7      | Noticed a killer bee
   550 | D:7      | Noticed a killer bee
   550 | D:7      | Noticed a killer bee
   550 | D:7      | You fall through a shaft for 2 floors!
   753 | D:9      | Noticed a black bear
   753 | D:9      | Noticed a scorpion
   754 | D:9      | Noticed a yak
   755 | D:9      | Noticed a hippogriff
   756 | D:9      | Noticed a scorpion
   756 | D:9      | Noticed a two-headed ogre
   830 | D:8      | Noticed an orc priest
   902 | D:8      | You fall through a shaft for 3 floors!
   902 | D:11     | Noticed a necrophage
   920 | D:11     | Noticed an orc wizard
   926 | D:11     | Noticed an orc priest
   945 | D:11     | Killed from afar by an orc priest

Action                   || total
-------------------------++-------
 Abil: Shaft Self        ||     6
  Use: Scroll            ||     4
  Eat: Bread ration      ||     1
Dodge: Dodged            ||     3
